 Dungeon Crawl Stone Soup version 0.29.1-1-gd02db6906a (webtiles) character file.

Game seed: 830259807934279832

119 GeoRichter the Shooter (level 4, 0/33 HPs)
             Began as a Demonspawn Hunter on Oct 17, 2022.
             Slain by a scorpion (2 damage)
             ... on level 3 of the Dungeon.
             The game lasted 00:06:40 (2279 turns).

GeoRichter the Shooter (Demonspawn Hunter)          Turns: 2279, Time: 00:06:40

Health: 0/33       AC:  4    Str: 11    XL:     4   Next: 74%
Magic:  7/7        EV: 11    Int: 15    God:
Gold:   132        SH:  0    Dex: 16    Spells: 1/7 levels left

rFire   . . .      SeeInvis +   a - +0 shortbow
rCold   . . .      Faith    .   (shield currently unavailable)
rNeg    . . .      Spirit   .   c - +0 leather armour
rPois   .          Reflect  .   (no helmet)
rElec   .          Harm     .   o - +0 cloak
rCorr   .          Rampage  .   (no gloves)
Will    .....                   (no boots)
Stlth   +.........              (no amulet)
HPRegen 0.11/turn               q - ring of see invisible
MPRegen 0.10/turn               (no ring)

@: lethally poisoned (0 -> -11)
A: powered by death 1, big brain 1
a: no special abilities


You were on level 3 of the Dungeon.
You visited 1 branch of the dungeon, and saw 4 of its levels.

You collected 132 gold pieces.

Inventory:

Hand Weapons
 a - a +0 shortbow (weapon)
Armour
 c - a +0 leather armour (worn)
 o - a +0 cloak (worn)
   (You found it on level 2 of the Dungeon)
 p - a +0 robe
   (You found it on level 2 of the Dungeon)
Magical Staves
 k - a staff of death
   (You found it on level 1 of the Dungeon)
Jewellery
 j - an amulet of faith {!P}
   (You found it on level 1 of the Dungeon)
 q - a ring of see invisible (left hand)
   (You found it on level 2 of the Dungeon)
Scrolls
 b - a scroll of immolation {!r}
 e - 5 scrolls of identify {unknown}
 g - a scroll of butterflies {unknown}
 t - a scroll of enchant weapon {unknown}
Potions
 d - a potion of cancellation {unknown}
 h - 2 potions of attraction {unknown}
 i - a potion of mutation {unknown}
 l - a potion of haste {unknown}
 m - 2 potions of flight {unknown}
 n - a potion of curing {@q1}
 r - a potion of might {unknown}
 s - a potion of lignification {unknown}


   Skills:
 - Level 2.1 Fighting
 - Level 3.7 Ranged Weapons
 - Level 1.7 Dodging
 - Level 0.8 Stealth
 + Level 2.0 Spellcasting
 * Level 3.4 Poison Magic


You had one spell level left.
You knew the following spells:

 Your Spells              Type           Power      Damage    Failure   Level
a - Poisonous Vapours     Pois/Air       12%        N/A       22%         2
b - Olgreb's Toxic Radia  Pois           11%        N/A       56%         4

Your spell library contained the following spells:

 Spells                   Type           Power      Damage    Failure   Level
 Sting                    Tmut/Pois      24%        1d4       14%         1
 Summon Forest            Summ/Tloc      0%         N/A       100%        5
 Eringya's Noxious Bog    Tmut/Pois      3%         N/A       100%        6
 Summon Hydra             Summ           0%         N/A       100%        7


Dungeon Overview and Level Annotations

Branches:
Dungeon (4/15) Zot: 21652
 Temple: D:4-7

Altars:

Annotations:
D:3 Terence


Innate Abilities, Weirdness & Mutations

You regenerate a little health from kills.
You have an unusually large brain. (Int +2)


Message History

You kill the hobgoblin!
No target in view!
Okay, then.
A scorpion comes into view.
There is a stone staircase leading up here.
You climb upwards.
Level annotation: Terence
There is a stone staircase leading down here.
There is a stone staircase leading down here.
You climb downwards.
You hear the sound of rushing water.
There is an entrance to a sewer on this level.
Hurry and find it before the portal rusts away!
You hear the slow rusting of a distant drain.
The hound barks!
The orc shouts! x3; The orc wizard shouts!
The orc shouts!
The hound bites you but does no damage.
You hear a shout!
You hear an angry hiss.
You hear a shout!
Found a scroll of teleportation.
There is a stone staircase leading up here.
The hound bites you.
The orc throws a boomerang.
The boomerang hits you but does no damage.
The hound bites you but does no damage. The scorpion closely misses you.
You climb upwards.
Level annotation: Terence
There is a stone staircase leading down here.
The hound attacks as you move away! The hound barely misses you.
The scorpion stings you. The scorpion attacks as you move away!
The scorpion misses you. The hound bites you.
You shoot an arrow. The arrow hits the hound!
The hound bites you. x2
* * * LOW HITPOINT WARNING * * *
You are too injured to fight recklessly!
You are too injured to fight recklessly!
The hound bites you but does no damage. The hound attacks as you move away!
The hound barely misses you. The hound bites you.
* * * LOW HITPOINT WARNING * * *
The hound attacks as you move away! The hound barely misses you.
The hound bites you.
* * * LOW HITPOINT WARNING * * *
The hound bites you.
* * * LOW HITPOINT WARNING * * *
The scorpion attacks as you move away! The scorpion stings you.
* * * LOW HITPOINT WARNING * * *
You are lethally poisoned!
The scorpion poisons you!
* * * LOW HITPOINT WARNING * * *
You feel very sick. The hound bites you but does no damage.
The scorpion attacks as you move away! The scorpion stings you.
You die...

#####>#### #####
###### #....# ####
#....# #.##.# #...
#.##.####.##.# #...
#.##.......#.# #...
#......#.....# #...
###.#......### #...
#....s.....# #...
##<.@h.....# #...
#...#.†..## #...
#.#.###.#########...
#.#.................
#<#...###.######.#.#
###.#.###.######.#.#
#.#..........#...#
#.#..........##...
##.#+####.....##..#


You could see a scorpion and a hound.

Vanquished Creatures
  7 gnolls (D:2)
  A worm (D:3)
  2 dart slugs
  3 ball pythons
  6 bats
  6 endoplasms
  3 giant cockroaches
  2 goblins
  3 hobgoblins
  3 kobolds (D:1)
  A quokka (D:3)
  5 frilled lizards
  8 rats
50 creatures vanquished.

Notes
Turn   | Place    | Note
-------+----------+-------------------------------------------
     0 | D:1      | GeoRichter the Demonspawn Hunter began the quest for the
                  | Orb.
     0 | D:1      | Reached XP level 1. HP: 16/16 MP: 1/1
   192 | D:1      | Gained mutation: You regenerate a little health from kills.
                  | [demonic ancestry]
   192 | D:1      | Reached XP level 2. HP: 15/22 MP: 2/2
   311 | D:1      | Reached skill level 1 in Poison Magic
   862 | D:2      | Reached skill level 1 in Spellcasting
   876 | D:2      | Gained mutation: You have an unusually large brain. (Int
                  | +2) [demonic ancestry]
   876 | D:2      | Reached XP level 3. HP: 19/27 MP: 4/4
   946 | D:2      | Learned a level 2 spell: Poisonous Vapours
  1272 | D:2      | Reached XP level 4. HP: 33/33 MP: 6/6
  1294 | D:2      | Learned a level 4 spell: Olgreb's Toxic Radiance
  2171 | D:3      | Noticed Terence
  2225 | D:4      | Noticed a scorpion
  2263 | D:4      | Noticed a scorpion
  2279 | D:3      | Slain by a scorpion

Illustrated notes

Levels and vault maps discovered:
D:1:      kilobyte_arrival_exit_the_forest, layout_rooms, minmay_tiny_reverse_x
D:2:      layout_rooms
D:3:      layout_basic, uniq_terence, uniq_ijyb
D:4:      layout_basic, mainiacjoe_overflow_brackets, portal_sewer_entry_d,
          uniq_natasha

Skill      XL: |  1  2  3  4 |
---------------+-------------+-----
Poison Magic   | 2 3 |  3.4
Spellcasting   | 1 2 |  2.0
Fighting       | |  2.1
Ranged Weapons | |  3.7
Dodging        | |  1.7
Stealth        | |  0.8

Action                   |  1- 3 |  4- 6 || total
-------------------------+-------+-------++-------
 Fire: Shortbow          |    98 |    61 ||   159
  Use: Potion            |       |     2 ||     2
       Scroll            |       |     1 ||     1
Armor: Leather armour    |    17 |    18 ||    35
Dodge: Dodged            |    35 |    26 ||    61
